Unix NetHack Version 5.0.0-0 post-release - last build May 31 2026 23:59:36 (970b52f25bf058293b47ddfd14a1e40e571c508c,branch:main).

Game began 2026-06-09 11:09:08, ended 2026-06-09 11:50:25.

AndiBanandi, lawful female dwarven Valkyrie

             --------                                   -----    --------
             |......|                     ------      ---...---  |...<..|
             |......|                     |....|      |.......|  |......|
             |......|   ##           #####.^....###  --.......-- |......|
             |.......####            #    |....|  ## |.........| |......|
             -|------                #    ---+--   # |.........| |......|
              ####                   #       #     ##|.........| |......|
              #####         ###     ##       #   `###--.......-- ---.----
              r   #           #######       ##   # ###|.....i.|     #
              @   #################`###########       ---...-|-     #
            ##d       # ###---|---      ----.--+-       -----####   #
           -i-             |.....|      |_.(....|               #  ##
          |....            |.....|   ###........|#              ####
          |. ....          |.....-####  |.......-`    ----------|---
          |   ...|         |.>..(|      |)......|     |....{.......|
              ...|         |.....|      ---------     |............|
               ..|         -------                    |............|
               ---                                    --------------

AndiBanandi the Skirmisher  St:16 Dx:13 Co:16 In:11 Wi:9 Ch:11  Lawful
Dlvl:4  $:68 HP:0(42) Pw:6(6) AC:3  Xp:4 T:1826 

Latest messages:
 You miss the fog cloud.
 You miss the fog cloud.
 You see pet Gombus.
 You miss the fog cloud.
 You miss the fog cloud.
 You miss the fog cloud.
 You see pet Gombus.
 The fog cloud engulfs you!
 You are laden with moisture and can barely breathe!
 You are enveloped in a cloud of steam!
 You hit the fog cloud.
 You hit the fog cloud.
 You destroy the fog cloud!
 You see pet Gombus.
 You see a straw golem.
 You stop waiting.
 You see pet Gombus.
 You miss the straw golem.
 The straw golem hits!
 The straw golem hits again!
 You hit the straw golem.
 The straw golem hits!
 The straw golem hits again!
 You stop.  Pet Gombus is in the way!
 The straw golem hits!
 The straw golem hits again!
 You see pet Gombus.
 You see a rock mole.
 The straw golem hits!
 The straw golem just misses!
 You see a rock mole.
 You miss the rock mole.
 The rock mole misses!
 Pet Gombus bites it.
 It misses pet Gombus.
 It misses pet Gombus.
 Pet Gombus bites it.
 You miss the rock mole.
 You miss the rock mole.
 You miss the rock mole.
 You miss the rock mole.
 You see an imp.
 You miss the rock mole.
 The rock mole bites!
 You die...
 Do you want your possessions identified? [ynq] (y) y
 Do you want to see your attributes? [ynq] (y) n
 Do you want an account of creatures vanquished? [ynaq] (y) n
 Do you want to see your conduct and achievements? [ynq] (y) n
 Do you want to see the dungeon overview? [ynq] (y) n

Inventory:
 Coins    ('$')
  $ - 68 gold pieces
 Weapons  (')')
  b - a corroded +0 dagger (alternate weapon; not wielded)
  a - a +1 dwarvish spear
  f - 2 +0 orcish daggers (at the ready)
  w - a +0 long sword (weapon in right hand)
 Armor    ('[')
  v - an uncursed +0 orcish helm (being worn)
  c - an uncursed +3 small shield (being worn)
  e - an uncursed +0 orcish ring mail (being worn)
 Comestibles  ('%')
  n - an uncursed slime mold
  d - 3 uncursed food rations
 Scrolls  ('?')
  s - an uncursed scroll of create monster
  o - a cursed scroll of identify
  q - an uncursed scroll of light
 Potions  ('!')
  p - an uncursed potion of enlightenment
  l - an uncursed potion of gain energy
 Tools    ('(')
  g - an uncursed bell
  i - an uncursed skeleton key
 Gems/Stones  ('*')
  u - an uncursed garnet stone

AndiBanandi the Valkyrie's attributes:

Background:
 You were a Skirmisher, a level 4 dwarven Valkyrie.
 You were lawful, on a mission for Tyr
 who was opposed by Odin (neutral) and Loki (chaotic).
 You were right-handed.
 You were in the Dungeons of Doom, on level 4.
 You entered the dungeon 1826 turns ago.
 You had 125 experience points, 35 more were needed to attain level 5.

Basics:
 You had 0 out of 42 hit points.
 You had all 6 energy points (spell power).
 Your armor class was 3.
 Your wallet contained 68 zorkmids.
 Autopickup was on for '$"/!?+' plus thrown.

Final Characteristics:
 Your strength was 16 (peak:17, limit:18/100).
 Your dexterity was 13 (limit:20).
 Your constitution was 16 (limit:20).
 Your intelligence was 11 (limit:16).
 Your wisdom was 9 (limit:16).
 Your charisma was 11 (limit:16).

Final Status:
 You weren't hungry.
 You were unencumbered.
 You were wielding a long sword.
 You were unskilled in long sword.

Final Attributes:
 You were devoutly aligned.
 You were cold resistant.
 You had infravision.
 You were stealthy.
 You were warded.
 Your spell casting was impaired by metallic armor.
 You are dead.

Miscellaneous:
 You didn't encounter any bones levels.
 Total elapsed playing time was 23 minutes and 27 seconds.

Major events:
 Turn
    1: AndiBanandi the lawful dwarven Valkyrie entered the dungeon
  408: attained the rank of Skirmisher (level 3)
 1826: killed by a rock mole

Spells:
 Name                 Level Category     Fail Retention
 charm monster          5   enchantment  100%  76%-100%

Skills:
 Fighting Skills
   bare handed combat [Unskilled]
   two weapon combat  [Unskilled]
   riding             [Unskilled]
 Weapon Skills
   dagger             [Basic]
   axe                [Unskilled]
   pick-axe           [Unskilled]
   short sword        [Unskilled]
   broadsword         [Unskilled]
   long sword         [Unskilled]
   two-handed sword   [Unskilled]
   saber              [Unskilled]
   hammer             [Unskilled]
   quarterstaff       [Unskilled]
   polearms           [Unskilled]
   spear              [Basic]
   trident            [Unskilled]
   lance              [Unskilled]
   sling              [Unskilled]
 Spellcasting Skills
   attack spells      [Unskilled]
   escape spells      [Unskilled]

Voluntary challenges:
 Your character was not rerolled.
 You never genocided any monsters.
 You never polymorphed an object.
 You never changed form.
 You used no wishes.
Achievement:
 You attained the rank of Skirmisher.

 The Dungeons of Doom: levels 1 to 4
    Level 1:
       An altar to Tyr, some fountains, a grave.
    Level 2:
       Some fountains.
    Level 3:
    Level 4: <- You were here.
       An altar, a sink.
       Final resting place for
          you, killed by a rock mole.


Vanquished creatures:
  a fog cloud
  a shrieker
  a floating eye
  a homunculus
  a kobold leader
 an acid blob
  a hobbit
  2 giant rats
  a brown mold
  a yellow mold
  a green mold
  2 geckos
  4 jackals
  a kobold
  4 goblins
  2 sewer rats
  5 grid bugs
  a bat
  4 lichens
  4 newts
39 creatures vanquished.

No species were genocided or became extinct.

Game over:
                       ----------
                      /          \
                     /    REST    \
                    /      IN      \
                   /     PEACE      \
                  /                  \
                  |   AndiBanandi    |
                  |      68 Au       |
                  | killed by a rock |
                  |       mole       |
                  |                  |
                  |                  |
                  |       2026       |
                 *|     *  *  *      | *
        _________)/\\_//(\/(/\)/\//\/|_)_______

Farvel AndiBanandi the Valkyrie...

You died in The Dungeons of Doom on dungeon level 4 with 712 points,
and 68 pieces of gold, after 1826 moves.
You were level 4 with a maximum of 42 hit points when you died.

